 Dungeon Crawl Stone Soup version 0.23.2-1-ga50397a (webtiles) character file.

Game seed: 8328972635439923087

51 night the Insei (level 3, -3/20 HPs)
             Began as a Tengu Transmuter on May 3, 2019.
             Killed from afar by an orc wizard (8 damage)
             ... with a puff of frost
             ... on level 3 of the Dungeon.
             The game lasted 00:04:47 (2334 turns).

night the Insei (Tengu Transmuter)                  Turns: 2334, Time: 00:04:49

Health: -3/20      AC:  5    Str: 11    XL:     3   Next: 83%
Magic:  1/7        EV: 11    Int: 13    God:
Gold:   120        SH:  0    Dex: 14    Spells: 3/6 levels left

rFire    . . .     SeeInvis .     - Unarmed
rCold    . . .     Gourm    .   (no shield)
rNeg     . . .     Faith    .   o - +0 ring mail
rPois    .         Spirit   .   (helmet restricted)
rElec    .         Reflect  .   (no cloak)
rCorr    .         Harm     .   (no gloves)
MR       .....                  (boots unavailable)
Stlth    +.........             (no amulet)
HPRegen  0.06/turn              f - ring of wizardry
MPRegen  0.10/turn              (no ring)

@: no status effects
A: beak, talons 3
a: no special abilities


You were on level 3 of the Dungeon.
You were not hungry.

You visited 1 branch of the dungeon, and saw 3 of its levels.

You collected 120 gold pieces.

Inventory:

Missiles
 a - 35 arrows
 e - 138 stones (quivered)
 n - 46 bolts
 p - 28 sling bullets
Armour
 b - a +0 robe
 o - a +0 ring mail (worn)
Jewellery
 f - a ring of wizardry (left hand)
Scrolls
 h - a scroll of immolation {unknown}
 i - 2 scrolls of amnesia {unknown}
 j - 2 scrolls of identify {unknown}
 k - a scroll of teleportation {unknown}
 r - 3 scrolls of magic mapping {unknown}
Potions
 c - a potion of haste {unknown}
 g - a potion of might {unknown}
 l - 3 potions of curing {unknown}
 m - a potion of lignification {unknown}
 q - a potion of degeneration {unknown}
 s - a potion of flight {unknown}
Comestibles
 d - 5 rations


   Skills:
 - Level 1.0 Fighting
 - Level 2.1 Dodging
 + Level 3.9 Unarmed Combat
 - Level 2.0 Spellcasting
 * Level 2.9 Transmutations


You had 3 spell levels left.
You knew the following spells:

 Your Spells              Type           Power        Failure   Level  Hunger
a - Beastly Appendage     Tmut           #.....       8%          1    ##.....
b - Sticks to Snakes      Tmut           #.......     12%         2    ###....

Your spell library contained the following spells:

 Spells                   Type           Power        Failure   Level  Hunger
 Corona                   Hex            #......      24%         1    ##.....
 Ensorcelled Hibernation  Hex/Ice        #.....       34%         2    ###....
 Spider Form              Tmut/Pois      #.........   38%         3    ####...
 Confuse                  Hex            #.......     56%         3    ####...
 Dazzling Spray           Conj/Hex       #.....       56%         3    ####...
 Tukima's Dance           Hex            #.......     56%         3    ####...
 Ice Form                 Ice/Tmut       #.......     77%         4    #####..
 Blade Hands              Tmut           #.........   88%         5    ######.


Dungeon Overview and Level Annotations

Branches:
Dungeon (3/15)

Altars:

Annotations:
D:2 1 runed translucent door, Crazy Yiuf
D:3 2 transporters


Innate Abilities, Weirdness & Mutations

You have a beak for a mouth.
You have claws for feet.


Message History

Your ball python bites the orc but does no damage.
Your ball python constricts the orc.
Something hits you but does no damage.
The orc closely misses your ball python.
The orc hits you with a +0 mace. The bat closely misses you.
The bat hits you but does no damage. x2
Your ball python closely misses the orc.
Your ball python constricts the orc.
The orc hits your ball python with a +2 mace of protection.
Your ball python dies!
Your ball python misses the bat. x2; Something hits you.
* * * LOW HITPOINT WARNING * * *
Your adder misses the bat. The orc barely misses you.
The bat barely misses you. The bat hits you.
* * * LOW HITPOINT WARNING * * *
The bat closely misses your adder.
Your ball python barely misses the bat.
Your ball python misses the bat.
Your adder closely misses the bat.
You hear some strange, mumbled words.
A puff of frost appears from out of thin air!
The puff of frost hits you!
You die...

######### #.....S.# ....
############...S@bb####....
...............oo{olo......
.................a.#o......
.......####..(.....#.......
######.# #........#o......
5o#P8#.# #................
≈≈#.P#.####.#####....##....
..#..#.......# #....# ....
..+/©#©..###.# #..).# 8..


You could see a worker ant, 5 orcs, a leopard gecko, 2 bats, a friendly adder
and a friendly ball python.

Vanquished Creatures
  2 adders
  A dart slug (D:1)
  6 bats
  2 giant cockroaches (D:1)
  3 goblins (D:1)
  A hobgoblin (D:1)
  4 jackals
  4 kobolds (D:1)
  2 frilled lizards (D:1)
  3 rats
28 creatures vanquished.

Vanquished Creatures (collateral kills)
  An orc (D:3)
1 creature vanquished.

Grand Total: 29 creatures vanquished

Notes
Turn   | Place    | Note
-------+----------+-------------------------------------------
     0 | D:1      | night the Tengu Transmuter began the quest for the Orb.
     0 | D:1      | Reached XP level 1. HP: 12/12 MP: 4/4
   105 | D:1      | Reached XP level 2. HP: 10/16 MP: 6/6
   254 | D:1      | Learned a level 2 spell: Sticks to Snakes
  1136 | D:2      | Reached XP level 3. HP: 19/20 MP: 7/7
  1693 | D:2      | Found a runed translucent door.
  1694 | D:2      | Noticed Crazy Yiuf
  2006 | D:3      | Found a transporter.
  2286 | D:3      | Found a transporter.
  2334 | D:3      | Killed from afar by an orc wizard

Skill      XL: |  1 |
---------------+----+-----
Transmutations | 2 |  2.9
Fighting       | |  1.0
Dodging        | |  2.1
Unarmed Combat | |  3.9
Spellcasting   | |  2.0

Action                   || total
-------------------------++-------
Melee: Unarmed           ||    88
       Kick              ||    14
       Peck              ||    14
 Cast: Sticks to Snakes  ||     3
  Eat: Chunk             ||     2
       Ration            ||     1
Armor: Robe              ||     7
       Ring mail         ||    22
Dodge: Dodged            ||    74
